 Dungeon Crawl Stone Soup version 0.27.0-1-g7a089689b8 (webtiles) character file.

Game seed: 17762344181154367232

83787 mhtbhm the Warrior (level 15, -9/126 (151) HPs)
             Began as a Minotaur Berserker on July 31, 2021.
             Was the Champion of Trog.
             Mangled by a merfolk impaler (19 damage)
             ... on level 2 of the Shoals.
             The game lasted 00:32:19 (23658 turns).

mhtbhm the Warrior (Minotaur Berserker)            Turns: 23658, Time: 00:32:20

HP:   -9/126 (151)  AC: 22    Str: 34    XL:     15   Next: 33%
MP:   14/14         EV: 14    Int:  4    God:    Trog [******]
Gold: 3257          SH:  0    Dex: 10    Spells: 14/14 levels left

rFire    . . .     SeeInvis .   a - +8 frozen axe "Frostbite" {freezing cloud, *Noise Fly rC+}
rCold    + . .     Faith    .   (shield currently unavailable)
rNeg     . . .     Spirit   .   b - +0 swamp dragon scales
rPois    +         Reflect  .   (helmet restricted)
rElec    .         Harm     .   l - +0 cloak
rCorr    .         Rampage  .   x - +0 pair of gloves
Will     .....                  q - +0 pair of boots
Stlth    ..........             H - amulet of regeneration
HPRegen  1.31/turn              N - +6 ring of strength
MPRegen  0.14/turn              K - +4 ring of protection

@: weak-willed, flying, mesmerised, heavily drained
A: horns 2, retaliatory headbutt
a: Renounce Religion, Berserk, Trog's Hand, Brothers in Arms


You were on level 2 of the Shoals.
You worshipped Trog.
Trog was exalted by your worship.
You visited 3 branches of the dungeon, and saw 21 of its levels.

You collected 3305 gold pieces.
You spent 48 gold pieces at shops.

Inventory:

Hand Weapons
 a - the +8 frozen axe "Frostbite" (weapon) {freezing cloud, *Noise Fly rC+}
   (You acquired it on level 6 of the Lair of Beasts)

   It freezes those it strikes, dealing additional cold damage.
   It can also slow down cold-blooded creatures.
   It occasionally leaves clouds of freezing vapour upon striking a foe.
   It grants immunity to clouds of freezing vapour.
   rC:        It protects you from cold.
   Fly:       It grants you flight.
   *Noise:    It may make noises in combat.
Missiles
 e - 7 throwing nets
 i - 28 javelins (quivered)
 s - 7 silver javelins
Armour
 b - +0 swamp dragon scales (worn)
 l - a +0 cloak (worn)
 q - a +0 pair of boots (worn)
 x - a +0 pair of gloves (worn)
Jewellery
 h - a ring of protection from fire
 j - a ring of flight
 o - a ring of positive energy
 p - a +4 ring of evasion
 C - the ring "Zuud" {rPois rC+ rCorr}
   (You acquired it on level 1 of the Shoals)

   [ring of poison resistance]

   rC:        It protects you from cold.
   rPois:     It protects you from poison.
   rCorr:     It protects you from acid and corrosion.
 E - a ring of see invisible
 H - an amulet of regeneration (around neck)
 K - a +4 ring of protection (right hand)
 N - a +6 ring of strength (left hand)
Wands
 B - a wand of iceblast (24)
 F - a wand of charming (17)
 Y - a wand of digging (2)
Scrolls
 f - 2 scrolls of fog
 g - a scroll of immolation
 n - 4 scrolls of enchant armour
 u - 3 scrolls of magic mapping
 z - a scroll of holy word
 A - 4 scrolls of enchant weapon
 M - 4 scrolls of summoning
 P - 5 scrolls of teleportation
 T - a scroll of identify
 W - a scroll of fear {unknown}
Potions
 c - 4 potions of curing
 d - 2 potions of mutation
 m - 4 potions of lignification
 t - 5 potions of haste
 v - a potion of might
 D - 3 potions of attraction {unknown}
 G - a potion of resistance {unknown}
 L - 5 potions of brilliance {unknown}
 O - a potion of magic {unknown}
 S - a potion of flight {unknown}
 U - 3 potions of ambrosia {unknown}
 V - a potion of invisibility {unknown}
 Z - 5 potions of berserk rage {unknown}
Miscellaneous
 r - a box of beasts
 y - a tin of tremorstones (2/2)
 I - a piece from Xom's chessboard (15/15)
 Q - a lightning rod (4/4)
 X - a condenser vane


   Skills:
 * Level 18.9 Fighting
 + Level 18.6 Axes
 + Level 0.5 Throwing
 * Level 18.5 Armour
 + Level 9.9 Dodging
 - Level 4.0 Shields
 + Level 0.9 Unarmed Combat
 + Level 3.1 Evocations


You had 14 spell levels left.
You didn't know any spells.
Your spell library was empty.

Dungeon Overview and Level Annotations

Branches:
Dungeon (12/15)            Temple (0/1) D:7            Lair (6/6) D:10
 Shoals (3/4) Lair:4        Snake (0/4) Lair:4        Slime (0/5) Lair:6
    Orc: D:9-12

Altars:
Dithmenos
Fedhas
Hepliaklqana
Makhleb
Okawaru
Yredelemnul
Zin

Shops:
D:7 *   D:10 ?   Shoals:1 [

Portals:
Trove: D:10 (give +4 fire dragon scales)


Innate Abilities, Weirdness & Mutations

You have a pair of horns on your head.
You reflexively headbutt those who attack you in melee.


Message History

You feel drained. The faun casts a spell at you.
Your willpower is stripped away!
The merfolk barely misses you.
The merfolk impaler hits you with a +2 demon trident of draining!
You feel drained.
You slash the merfolk impaler! You freeze the merfolk impaler.
Your headbutt misses the merfolk impaler.
The merfolk impaler is moderately wounded.
You closely miss the faun. You slice the merfolk!! You freeze the merfolk!
You feel sick.
The pull of its song draws you forwards.
The merfolk avatar chants its luring song.
The faun unwields a +0 hunting sling.
The faun wields a +0 quarterstaff.
The faun splashes around in the water.
The merfolk impaler hits you with a +2 demon trident of draining!
* * * LOW HITPOINT WARNING * * *
You feel drained.
* * * LOW HITPOINT WARNING * * *
The merfolk barely misses you.
The merfolk impaler hits you with a +2 demon trident of draining.
* * * LOW HITPOINT WARNING * * *
You feel drained.
* * * LOW HITPOINT WARNING * * *
You closely miss the faun. You hit the merfolk impaler.
You freeze the merfolk impaler.
You feel sick.
The merfolk avatar chants its luring song.
The faun points at you and mumbles some strange words.
You struggle to resist.
The merfolk hits you from afar with a +2 halberd of venom!
* * * LOW HITPOINT WARNING * * *
The merfolk impaler barely misses you.
Unknown command.
Unknown command.
Okay, then.
Okay, then.
Okay, then.
You feel better.
The pull of its song draws you forwards.
The merfolk impaler hits you from afar with a +2 demon trident of draining!!
You die...

≈≈≈≈≈≈≈≈. ≈≈≈≈≈
≈≈≈≈≈≈≈.. ≈≈≈≈≈≈≈≈≈
≈≈≈≈≈≈≈.. ..≈≈≈≈≈≈≈
≈≈≈≈≈≈..# #..≈≈≈≈≈≈
≈≈≈≈≈§§.###..≈≈≈≈≈≈
≈≈≈≈§§§§##..≈≈≈≈≈≈≈
....§§§§§...≈≈≈≈≈≈≈
.....§§§§§.≈≈≈≈≈≈≈≈
.######§§§≈@≈≈m≈≈≈≈
###§mmcW≈≈≈≈≈≈≈
.####..§§c§≈≈≈≈≈≈≈≈
.......§cc≈≈≈≈≈≈≈≈≈
......≈≈≈≈≈≈≈≈≈≈≈≈≈
...≈≈≈≈≈≈≈≈≈≈≈≈≈≈≈≈≈≈≈≈
≈≈≈≈≈≈≈≈≈≈≈≈≈.≈≈≈≈≈≈≈≈≈
≈≈≈≈≈≈≈≈≈≈≈...)≈≈≈≈≈≈≈≈
.≈≈≈≈≈≈≈........≈≈≈≈≈≈≈


You could see a merfolk avatar (mesmerising), a merfolk impaler, a merfolk, 4
fauns and a drowned soul (summoned).

Vanquished Creatures
  Kirke (Lair:4)
  A merfolk javelineer (Shoals:1)
  A boulder beetle (D:12)
  8 hydras
  4 catoblepae
  4 two-headed ogres
  A tengu warrior (D:8)
  A satyr (Shoals:2)
  10 death yaks
  Urug (D:10)
  A fire crab (Lair:6)
  5 sea snakes (Shoals:1)
  A lindwurm (Lair:1)
  Pikel (D:7)
  A necromancer (Lair:4)
  A deep elf pyromancer (D:8)
  7 manticores
  9 fauns
  2 cyclopes
  3 oklob plants (Lair:6)
  2 merfolk sirens
  2 elephants (Lair:1)
  11 cane toads
  5 black mambas
  Maggie (D:8)
  A gargoyle (D:8)
  3 torpor snails
  12 komodo dragons
  An unseen horror (D:10)
  2 rime drakes
  3 wandering mushrooms (Lair:6)
  10 merfolk
  A hornet (D:8)
  3 trolls
  2 wind drakes
  A polar bear (Lair:2)
  12 blink frogs
  A raiju (shapeshifter) (D:11)
  A slime creature (D:8)
  11 dream sheep
  84 yaks
  2 shadows
  4 water elementals
  8 humans (D:10)
  A vampire (D:8)
  10 wyverns
  2 hogs (Lair:4)
  3 wraiths
  3 basilisks
  2 vampire mosquitoes (D:8)
  An acid dragon (D:11)
  20 water moccasins
  A floating eye (Lair:6)
  2 ice beasts
  3 black bears
  4 orc warriors
  20 wolves
  An elephant zombie (Lair:4)
  2 ogres
  7 necrophages (Lair:2)
  2 sky beasts (D:8)
  14 centaurs
  2 lemures (D:7)
  A phantom (D:6)
  A komodo dragon zombie (Lair:4)
  15 bullfrogs
  2 scorpions
  5 gnoll sergeants
  7 killer bees
  18 wights
  3 electric eels (Lair:4)
  2 centaur zombies (D:9)
  A basilisk zombie (Lair:4)
  10 orc priests
  8 hounds
  3 jellies
  Crazy Yiuf (D:2)
  2 gnoll shamans
  A bullfrog skeleton (D:4)
  Jessica (D:2)
  2 iguanas (D:6)
  Terence (D:2)
  12 orc wizards
  4 hell rats (Lair:4)
  A killer bee zombie (D:7)
  A hound skeleton (D:5)
  2 howler monkey zombies
  27 gnolls
  A howler monkey skeleton (D:7)
  5 adders
  2 shadow imps
  A white imp (D:5)
  3 worms (D:2)
  A dart slug (D:2)
  19 orcs
  5 endoplasms
  2 giant cockroaches (D:1)
  10 goblins
  7 hobgoblins
  28 jackals
  8 kobolds
  3 quokkas (D:2)
  5 ball pythons
  8 bats
  5 frilled lizards
  4 rats
  A bush (Lair:4)
  3 plants
598 creatures vanquished.

Vanquished Creatures (collateral kills)
  A boulder beetle (D:12)
  A faun (Shoals:1)
  2 merfolk sirens
  A merfolk (Shoals:2)
5 creatures vanquished.

Vanquished Creatures (others)
  3 humans (Lair:4)
  25 fungi
  59 plants
  7 toadstools (Lair:1)
94 creatures vanquished.

Grand Total: 697 creatures vanquished

Notes
Turn   | Place    | Note
-------+----------+-------------------------------------------
     0 | D:1      | mhtbhm the Minotaur Berserker began the quest for the Orb.
     0 | D:1      | Reached XP level 1. HP: 19/19 MP: 0/0
   333 | D:1      | Reached XP level 2. HP: 27/27 MP: 1/1
   798 | D:1      | Found a faded altar of an unknown god.
   876 | D:2      | Noticed Jessica
   885 | D:2      | Killed Jessica
   886 | D:2      | Reached XP level 3. HP: 33/33 MP: 2/2
   970 | D:2      | Noticed Terence
   977 | D:2      | Killed Terence
   978 | D:2      | Reached XP level 4. HP: 38/41 MP: 3/3
  1309 | D:2      | Reached ** piety under Trog
  1310 | D:2      | Reached skill level 5 in Axes
  1830 | D:2      | Found a runed translucent door.
  1831 | D:2      | Noticed Crazy Yiuf
  2052 | D:2      | Killed Crazy Yiuf
  2053 | D:2      | Reached XP level 5. HP: 47/47 MP: 0/4
  2179 | D:3      | Found a blossoming altar of Fedhas.
  2236 | D:3      | Found a large runed translucent door.
  2237 | D:3      | Found a large runed translucent door.
  2505 | D:3      | You fall into a shaft and drop 3 floors!
  2512 | D:6      | Reached skill level 5 in Fighting
  2517 | D:6      | Reached XP level 6. HP: 27/56 MP: 5/5
  2909 | D:6      | Identified the +0 trident of the Dancing Puffin {venom,
                  | +Rage rC- rCorr Stlth-}
  2921 | D:5      | Entered Level 5 of the Dungeon
  2975 | D:5      | Noticed a water moccasin
  2993 | D:5      | Killed a water moccasin
  3370 | D:5      | Noticed a water moccasin
  3384 | D:5      | Killed a water moccasin
  3385 | D:5      | Reached XP level 7. HP: 35/61 MP: 6/6
  3707 | D:5      | Reached skill level 5 in Armour
  4203 | D:4      | Reached *** piety under Trog
  4278 | D:4      | Reached XP level 8. HP: 63/70 MP: 7/7
  4540 | D:3      | Found a burning altar of Makhleb.
  4550 | D:3      | Found a shadowy altar of Dithmenos.
  6493 | D:6      | Reached skill level 10 in Armour
  7179 | D:7      | Found a staircase to the Ecumenical Temple.
  7180 | D:7      | Noticed Pikel
  7192 | D:7      | Killed Pikel
  7193 | D:7      | Reached skill level 10 in Axes
  7193 | D:7      | Reached XP level 9. HP: 78/78 MP: 8/8
  7260 | D:7      | Reached **** piety under Trog
  7313 | D:7      | Found Tojiskou's Serpentskin Sales.
  7601 | D:8      | Noticed a two-headed ogre
  7610 | D:8      | Killed a two-headed ogre
  7611 | D:8      | Reached skill level 5 in Dodging
  7622 | D:8      | Reached XP level 10. HP: 61/86 MP: 9/9
  8005 | D:8      | Noticed Maggie
  8015 | D:8      | Killed Maggie
  8016 | D:8      | Reached skill level 15 in Armour
  8188 | D:8      | You fall into a shaft and drop 1 floor!
  8216 | D:9      | Reached skill level 1 in Shields
  8346 | D:9      | Found a basalt altar of Yredelemnul.
  8525 | D:8      | Identified the +9 short sword "Nann" {vorpal, Dex+3}
  8921 | D:8      | Reached ***** piety under Trog
  9060 | D:8      | Noticed a gargoyle
  9072 | D:8      | Killed a gargoyle
  9352 | D:8      | Noticed a deep elf pyromancer
  9364 | D:8      | Killed a deep elf pyromancer
  9591 | D:8      | Noticed a cyclops
  9591 | D:8      | Noticed a tengu warrior
  9595 | D:8      | Noticed a two-headed ogre
  9598 | D:8      | Killed a tengu warrior
  9599 | D:8      | Reached XP level 11. HP: 95/95 MP: 10/10
  9603 | D:8      | Killed a two-headed ogre
  9630 | D:8      | Identified the +7 hand crossbow of Domination {vorpal,
                  | rPois rC- rN+ Int+4}
  9907 | D:8      | Received a gift from Trog
 11133 | D:9      | Found a hazy altar of Hepliaklqana.
 11135 | D:9      | Found a glowing silver altar of Zin.
 11193 | D:10     | Entered Level 10 of the Dungeon
 11205 | D:10     | Found a portal to a secret trove of treasure.
 11237 | D:10     | Noticed a two-headed ogre
 11247 | D:10     | Killed a two-headed ogre
 11658 | D:10     | You fall into a shaft and drop 2 floors!
 11683 | D:12     | Reached skill level 10 in Fighting
 11716 | D:12     | Noticed an eight-headed hydra
 11723 | D:12     | Killed a ten-headed hydra
 11730 | D:12     | Noticed a boulder beetle
 11747 | D:12     | Killed a boulder beetle
 11748 | D:12     | Reached skill level 1 in Evocations
 11985 | D:12     | Noticed a boulder beetle
 12002 | D:12     | Killed a boulder beetle
 12229 | D:11     | Noticed a two-headed ogre
 12236 | D:11     | Killed a two-headed ogre
 12401 | D:11     | Found an iron altar of Okawaru.
 12538 | D:11     | Reached XP level 12. HP: 110/110 MP: 11/11
 12825 | D:10     | Found Biv Kyunn's Magic Scroll Shoppe.
 12919 | D:10     | Bought a scroll of identify for 24 gold pieces
 12919 | D:10     | Bought a scroll of identify for 24 gold pieces
 12997 | D:10     | Found a staircase to the Lair.
 13173 | D:10     | Received a gift from Trog
 13407 | D:10     | Noticed Urug
 13431 | D:10     | Killed Urug
 14050 | Lair:1   | Entered Level 1 of the Lair of Beasts
 14332 | Lair:1   | Noticed a catoblepas
 14352 | Lair:1   | Found a runed translucent door.
 14474 | Lair:1   | Reached skill level 15 in Axes
 14702 | Lair:1   | Killed a catoblepas
 15154 | Lair:1   | Received a gift from Trog
 15159 | Lair:1   | Reached XP level 13. HP: 118/125 MP: 12/12
 15332 | Lair:1   | Identified the +1 chain mail of Defiance {*Slow rElec rC-
                  | Dex+8}
 15434 | Lair:2   | Reached skill level 15 in Fighting
 17278 | Lair:4   | Found a staircase to the Shoals.
 17376 | Lair:4   | Noticed Kirke
 17389 | Lair:4   | Killed Kirke
 17411 | Lair:4   | Found a staircase to the Snake Pit.
 18055 | Lair:4   | Received a gift from Trog
 18075 | Lair:4   | Identified the +7 shortbow "Grim Tooth" {flame, rCorr Dex+3
                  | Stlth+}
 18787 | Lair:5   | Reached XP level 14. HP: 136/140 MP: 13/13
 19274 | Lair:6   | Entered Level 6 of the Lair of Beasts
 19510 | Lair:6   | Paralysed by a floating eye for 3 turns
 20264 | Lair:6   | Reached ****** piety under Trog
 20690 | Lair:6   | Found a staircase to the Slime Pits.
 20836 | Lair:6   | Received a gift from Trog
 21472 | Lair:6   | Identified 4 scrolls of acquirement
 21473 | Lair:6   | Acquired the +8 frozen axe "Frostbite" {freezing cloud,
                  | *Noise Fly rC+}
 21474 | Lair:6   | Found the +8 frozen axe "Frostbite" {freezing cloud, *Noise
                  | Fly rC+}
 21498 | Lair:6   | HP: 2/143 [acid (12)]
 22141 | Shoals:1 | Entered Level 1 of the Shoals
 22141 | Shoals:1 | Found Qoufrus's Armour Emporium.
 22246 | Shoals:1 | Reached XP level 15. HP: 109/150 MP: 14/14
 23154 | Shoals:1 | Acquired 859 gold pieces
 23158 | Shoals:1 | Acquired 786 gold pieces
 23162 | Shoals:1 | Acquired the ring "Zuud" {rPois rC+ rCorr}
 23657 | Shoals:2 | HP: 2/126 [merfolk (17)]
 23658 | Shoals:2 | Mangled by a merfolk impaler

Illustrated notes

Levels and vault maps discovered:
D:1:      dpeg_arrival_rooms_c, layout_loops_cross,
          shapermc_ecumenical_altar_petra, hangedman_decor_diamond_cutter,
          hangedman_decor_lopped
D:2:      layout_rooms, minmay_quantized, uniq_jessica, uniq_terence,
          uniq_crazy_yiuf_cottage
D:3:      layout_basic, fedhas_altar_1, jmf_multi_god_temple2
D:4:      layout_cave_pools, grunt_ministairs_1
D:5:      corexii_shack_village, layout_layer_cave, minmay_manual_mares
D:6:      layout_loops_cross
D:7:      layout_basic, temple_statues, st_stairs_13, guppyfry_shop_venom,
          uniq_pikel
D:8:      minmay_the_grid_triangle_9x9_rhombus_full
          [minmay_the_grid_triangle_9x9_sprig,
          minmay_the_grid_triangle_9x9_corruption,
          minmay_the_grid_triangle_9x9_odd_lines,
          minmay_the_grid_triangle_9x9_flanged_cone,
          minmay_the_grid_triangle_9x9_warning,
          minmay_the_grid_triangle_9x9_pentomino_pain,
          minmay_the_grid_triangle_9x9_wacky_v,
          minmay_the_grid_triangle_9x9_prize_schism], layout_loops_corners,
          uniq_maggie
D:9:      layout_basic, nicolae_overflow_hidden_temple
D:10:     erik_cavepeople, layout_cross, nicolae_trove_entry_free_sample,
          serial_gnoll_camp, gnoll_camp_mini_basic, gnoll_camp_huts_moat,
          gnoll_camp_mini_hut, gnoll_camp_mini_shop, uniq_urug
D:11:     layout_irregular_city, okawaru_metal_pillars_3
D:12:     layout_loops_ring, orc_0_dummy, chequers_serial_rivers_marsh,
          kennysheep_nondescript
Lair:1:   gammafunk_lair_enchanted_lake, layout_big_grid
Lair:2:   layout_chaotic_city, chequers_serial_rivers_room_b, minivault_25,
          roderic_carrion_pond
Lair:3:   layout_cave_pods, lemuel_fruit_tree
Lair:4:   pond_and_an_island_with_a_cottage, layout_regular_city,
          minmay_shoals_entry_beasts, minmay_snake_entry_six_corridors,
          beast_lair_carwin_6, uniq_kirke
Lair:5:   layout_gridlike
Lair:6:   evilmike_catoblepas_cave, layout_layer_cave,
          minmay_slime_entry_oklob_enclosed, disabler_island
Shoals:1: layout_shoals, serial_shops, shop
Shoals:2: layout_shoals
Shoals:3: layout_shoals, uniq_donald

Skill      XL: |  1  2  3  4  5  6  7  8  9 10 11 12 13 14 |
---------------+-------------------------------------------+-----
Axes           | 4 5 6 7 10 12 14 15 16 18 | 18.6
Fighting       | 4 5 6 7 8 11 14 17 18 | 18.9
Dodging        | 3 4 5 6 7 8 9 |  9.9
Armour         | 3 4 7 11 14 15 16 17 18 | 18.5
Shields        | 2 4 |  4.0
Evocations     | 1 2 3 |  3.1
Throwing       | |  0.5
Unarmed Combat | |  0.9

Action                   |  1- 3 |  4- 6 |  7- 9 | 10-12 | 13-15 || total
-------------------------+-------+-------+-------+-------+-------++-------
Melee: Hand axe          |    45 |   124 |   215 |   644 |     2 ||  1030
       Headbutt          |     5 |    18 |    40 |   156 |   181 ||   400
       Broad axe         |       |       |       |       |   492 ||   492
       Executioner's axe |       |       |       |       |   111 ||   111
       Unarmed           |       |       |       |       |     7 ||     7
Throw: Javelin           |       |     1 |       |       |     4 ||     5
Invok: Berserk           |     2 |     2 |     5 |     8 |     8 ||    25
       Trog's Hand       |       |       |     1 |       |       ||     1
       Brothers in Arms  |       |       |       |       |     2 ||     2
Evoke: Wand              |       |       |     1 |     9 |    29 ||    39
       Box of beasts     |       |       |       |     1 |       ||     1
       Tin of tremorston |       |       |       |       |     2 ||     2
  Use: Scroll            |       |       |     8 |     6 |    13 ||    27
       Potion            |       |       |       |       |     2 ||     2
Armor: Animal skin       |     5 |     2 |       |       |       ||     7
       Scale mail        |       |    62 |    40 |       |       ||   102
       Ring mail         |       |       |    19 |     3 |       ||    22
       Swamp dragon scal |       |       |       |   170 |   316 ||   486
Dodge: Dodged            |    28 |    55 |   144 |   426 |   341 ||   994
Block: Buckler           |       |       |     4 |   105 |    85 ||   194
